 Dungeon Crawl Stone Soup version 0.17.0-26-gececa24 (webtiles) character file.

1110 4thArraOfDagon the Scratcher (level 8, -7/36 HPs)
             Began as a Felid Transmuter on Nov 19, 2015.
             Was a Believer of Cheibriados.
             Mangled by an orc warrior
             ... wielding a +0 halberd
              (27 damage)
             ... on level 11 of the Dungeon.
             The game lasted 00:19:16 (3400 turns).

4thArraOfDagon the Scratcher (Felid Transmuter)     Turns: 3400, Time: 00:19:17

Health: -7/36      AC:  2    Str: 18    XL:     8   Next: 11%
Magic:  12/15      EV: 29    Int: 19    God:    Cheibriados [**....]
Gold:   387        SH:  0    Dex: 27    Spells: 5 memorised, 4 levels left
                                        Lives:  0   Deaths: 2

rFire  . . .     SeeInvis +       - Unarmed
rCold  . . .     Clarity  .     (armour unavailable)
rNeg   . . .     SustAt   .     (shield unavailable)
rPois  x         Gourm    .     (helmet unavailable)
rElec  .         Spirit   .     (cloak unavailable)
rCorr  .         Warding  .     (gloves unavailable)
rMut   .         Stasis   .     (boots unavailable)
MR     ++...                    (no amulet)
Stlth  +++++.....               v - +3 ring of strength
                                m - ring of protection from magic

@: mighty, spider-form, very slow, very resistant to hostile enchantments, quite
stealthy
A: no armour, no weapons or thrown items, (claws 0), (fangs 0), see invisible,
carnivore 3, (speed 0), (shaggy fur 0), slow metabolism 1, (sharp paws)
a: End Transformation, Bend Time, Renounce Religion


You were on level 11 of the Dungeon.
You worshipped Cheibriados.
Cheibriados was pleased with you.
You were not hungry.
You were a venomous arachnid creature.
You visited 2 branches of the dungeon, and saw 12 of its levels.

You collected 455 gold pieces.
You spent 68 gold pieces at shops.

Inventory:

Missiles
 a - 25 arrows
Jewellery
 m - a ring of protection from magic (left front leg)
 v - a +3 ring of strength (right front leg)
Wands
 n - a wand of disintegration (20)
Scrolls
 d - 7 scrolls of remove curse
 g - a scroll of blinking
 o - 2 scrolls of enchant weapon
 q - a scroll of fog
Potions
 e - a potion of flight {unknown}
 i - a potion of cancellation {unknown}
 p - a potion of heal wounds {unknown}
 r - a potion of resistance
 t - a potion of might
Books
 b - a book of Changes

   Spells                             Type                      Level
   a - Beastly Appendage              Transmutation                1
   b - Sticks to Snakes               Transmutation                2
   c - Spider Form                    Transmutation/Poison         3
   d - Ice Form                       Ice/Transmutation            4
   e - Blade Hands                    Transmutation                5
 j - a book of Air

   Spells                             Type                      Level
   a - Shock                          Conjuration/Air              1
   b - Swiftness                      Charms/Air                   2
   c - Repel Missiles                 Charms/Air                   2
   d - Static Discharge               Conjuration/Air              3
   e - Lightning Bolt                 Conjuration/Air              5
Comestibles
 c - 2 meat rations
 f - 3 slices of pizza
 h - a beef jerky


   Skills:
 - Level 4.0 Fighting
 + Level 6.3 Dodging
 + Level 5.8 Stealth
 * Level 7.1 Unarmed Combat
 + Level 4.5 Spellcasting
 + Level 5.3 Transmutations
 + Level 2.2 Invocations


You had 4 spell levels left.
You knew the following spells:

 Your Spells              Type           Power        Failure   Level  Hunger
a - Beastly Appendage     Trmt           ###...       6%          1    None
b - Spider Form           Trmt/Pois      ##........   32%         3    ###....
c - Repel Missiles        Chrm/Air       #.....       41%         2    #......
d - Swiftness             Chrm/Air       #.......     41%         2    #......
e - Ice Form              Ice/Trmt       ##......     71%         4    ####...


Dungeon Overview and Level Annotations

Branches:
Dungeon (11/15)            Temple (1/1) D:7            Lair (0/8) D:8
    Orc: D:9-12

Altars:
Ashenzari
Cheibriados
Dithmenos
Elyvilon
Fedhas
Gozag
Makhleb
Okawaru
Ru
Sif Muna
Trog
Vehumet
Xom
Yredelemnul
Zin
The Shining One

Shops:
D:5 [   D:6 **%


Innate Abilities, Weirdness & Mutations

You cannot wear armour.
You are incapable of wielding weapons or throwing items.
((You have sharp claws.))
((You have razor-sharp teeth.))
You have supernaturally acute eyesight.
You are carnivorous and can eat meat at any time.
((You cover ground quickly.))
((You are covered in thick fur (AC +2).))
You have a slow metabolism.
((Your sharp claws are effective at attacking unaware monsters.))


Message History

As you open the door, it creaks loudly!
You hear a shout!
You hear a shout!
You hear a shout!
An orc comes into view. It is wielding a falchion.
An orc comes into view. It is wielding a club.
The orc throws a tomahawk.
The tomahawk completely misses you.
An orc warrior comes into view. It is wielding a halberd.
There is an open door here.
Unknown command.
You close the door.
Casting: Spider Form
Confirm with . or Enter, or press ? or * to list all spells.
You turn into a venomous arachnid creature.
Something unseen opens the door.
Unknown command.
Drink which item? (? for menu, Esc to quit)
You feel very mighty all of a sudden.
Unknown command.
The orc warrior hits you with a halberd!!
Ouch! That really hurt!
You die...

. #......#......#
#......#......#
#......'......#
#+#......####...#
............#####
............#
............#
............#
......(.so.(#
.......###o##
.......#........#
########........#
..........#
.##..o##...# ..
#..o# #### .
.o... .o....


You could see an orc warrior and an orc.

Vanquished Creatures
  Maurice (D:11)
  A centaur skeleton (D:10)
  2 orc warriors
  2 sky beasts
  A centaur (D:7)
  2 big kobolds (D:9)
  An ogre (D:9)
  3 giant frogs
  A scorpion (D:11)
  6 crimson imps
  3 worker ants
  2 orc priests
  2 giant frog skeletons
  2 orc wizards (D:8)
  2 adders
  3 adder skeletons
  A giant gecko (D:2)
  15 orcs
  A ball python (D:3)
  3 giant cockroaches
  2 goblins (D:1)
  4 hobgoblins
  8 jackals
  3 quokkas
  2 bats
  A giant newt (D:4)
  12 kobolds
  2 rats (D:1)
88 creatures vanquished.

Vanquished Creatures (others)
  A plant (D:11)
1 creature vanquished.

Grand Total: 89 creatures vanquished

Notes
Turn   | Place    | Note
--------------------------------------------------------------
     0 | D:1      | 4thArraOfDagon the Felid Transmuter began the quest for the Orb.
     0 | D:1      | Reached XP level 1. HP: 9/9 MP: 4/4
   131 | D:1      | Reached XP level 2. HP: 12/12 MP: 4/6
   214 | D:2      | Found a faded altar to an unknown god.
   319 | D:4      | Found a shattered altar of Ashenzari.
   403 | D:5      | Entered Level 5 of the Dungeon
   435 | D:5      | Found a deep blue altar of Sif Muna.
   443 | D:5      | Found a white marble altar of Elyvilon.
   531 | D:6      | Found Jifoater's General Store.
   555 | D:6      | Bought a potion of lignification for 42 gold pieces
   570 | D:6      | Reached XP level 3. HP: 14/16 MP: 5/7
   590 | D:6      | Learned a level 3 spell: Spider Form
   594 | D:6      | Learned a level 2 spell: Repel Missiles
   619 | D:6      | Found Ownar's General Store.
   624 | D:6      | Bought a scroll of identify for 26 gold pieces
   670 | D:6      | Noticed an ice beast
   689 | D:6      | Found Jinit's Food Emporium.
   735 | D:6      | Noticed an orc warrior
   772 | D:6      | Reached skill level 4 in Unarmed Combat
   772 | D:6      | Reached XP level 4. HP: 14/19 MP: 4/8
   854 | D:6      | Noticed an ice beast
   941 | D:5      | Noticed a centaur
   941 | D:5      | Noticed an ogre
   960 | D:6      | Slain by an ogre
   961 | D:6      | Reached XP level 3. HP: -2/16 MP: 2/7
  1035 | D:7      | Reached XP level 4. HP: 15/19 MP: 2/9
  1094 | D:7      | Learned a level 2 spell: Swiftness
  1105 | D:7      | Found a staircase to the Ecumenical Temple.
  1114 | Temple   | Entered the Ecumenical Temple
  1154 | Temple   | Became a worshipper of Cheibriados the Contemplative
  1231 | D:6      | Noticed a giant frog
  1244 | D:6      | Killed a giant frog
  1244 | D:6      | Reached skill level 1 in Stealth
  1244 | D:6      | Reached XP level 5. HP: 18/23 MP: 7/10
  1339 | D:5      | Found a blossoming altar of Fedhas.
  1343 | D:5      | Found Alusud's Antique Armour Boutique.
  1626 | D:3      | Reached * piety under Cheibriados
  1670 | D:3      | Found a burning altar of Makhleb.
  1898 | D:5      | Gained mutation: You are covered in thick fur (AC +2). [Felid growth]
  1898 | D:5      | Reached XP level 6. HP: 23/27 MP: 11/11
  1997 | D:7      | Noticed a centaur
  2004 | D:7      | Killed a centaur
  2063 | D:7      | Reached skill level 5 in Unarmed Combat
  2248 | D:8      | Reached XP level 7. HP: 15/31 MP: 11/13
  2462 | D:9      | Reached ** piety under Cheibriados
  2469 | D:9      | Reached skill level 5 in Dodging
  2493 | D:9      | Learned a level 4 spell: Ice Form
  2535 | D:8      | Found a staircase to the Lair.
  2562 | D:8      | Noticed a troll
  2655 | D:9      | Reached skill level 6 in Unarmed Combat
  2655 | D:9      | Reached XP level 8. HP: 18/34 MP: 11/14
  2878 | D:10     | Entered Level 10 of the Dungeon
  2994 | D:10     | Noticed a centaur skeleton
  3005 | D:10     | Killed a centaur skeleton
  3005 | D:10     | Reached skill level 5 in Stealth
  3005 | D:10     | Reached skill level 1 in Invocations
  3254 | D:11     | Noticed Maurice
  3271 | D:11     | Killed Maurice
  3271 | D:11     | Reached skill level 7 in Unarmed Combat
  3271 | D:11     | Reached skill level 5 in Transmutations
  3290 | D:11     | Was placed under penance by Cheibriados
  3292 | D:11     | Slain by a warg
  3293 | D:11     | Reached XP level 7. HP: 0/48 MP: 14/14
  3341 | D:11     | Reached XP level 8. HP: 36/36 MP: 13/15
  3355 | D:11     | Was forgiven by Cheibriados
  3400 | D:11     | Mangled by an orc warrior

Action                   |  1- 3 |  4- 6 |  7- 9 || total
-------------------------+-------+-------+-------++-------
Melee: Unarmed           |    73 |   120 |   145 ||   338
 Cast: Beastly Appendage |     7 |       |     1 ||     8
       Spider Form       |     1 |     7 |    13 ||    21
       Repel Missiles    |       |     1 |       ||     1
  Use: Scroll            |     6 |     6 |     8 ||    20
       Potion            |       |     4 |     8 ||    12
 Stab: Sleeping          |     3 |     4 |     4 ||    11
       Invisible         |       |       |     4 ||     4
  Eat: Chunk             |     6 |    10 |     4 ||    20
